 Dungeon Crawl Stone Soup version 0.31.0-12-g77e489cdc1 (webtiles) character file.

Game seed: 11853548866190826111

70820 spaghetti the Imperceptible (level 15, 0/154 HPs)
             Began as a Naga Chaos Knight on Feb 21, 2024.
             Was a Plaything of Xom.
             Slain by an elephant (9 damage)
             ... on level 5 of the Lair of Beasts.
             The game lasted 00:38:00 (20813 turns).

spaghetti the Imperceptible (Naga Chaos Knight)    Turns: 20813, Time: 00:38:01

Health: 0/154      AC: 38    Str: 16    XL:     15   Next: 34%
Magic:  30/30      EV: 13    Int: 14    God:    Xom [*.....]
Gold:   846        SH:  0    Dex: 17    Spells: 29/36 levels left

rFire   x . .        z - +7 rapier of Bodily Harmony {protect, +Blink}
rCold   . . .        (no shield)
rNeg    . . .        U - +3 shadow dragon scales of Privacy {Will++ Stlth++++}
rPois   +            (no helmet)
rElec   .            D - +0 cloak
rCorr   +            u - +0 pair of gloves
SInv    +            y - +5 barding "Udes" {rCorr}
Will    +++..        j - amulet of magic regeneration
Stlth   +++++++++    E - +5 ring of evasion
HPRegen 0.45/turn    A - ring "Pinenn" {rCorr Str+2 Slay+4}
MPRegen 0.62/turn

%: clarity
@: under a protective aura, studying Air Magic, very slow
A: AC +5, large, see invisible, deformed body, poison resistance, slowness 2,
spit poison 1, naga tail 2, claws 1, stinger 1, clarity, heat vulnerability 1,
subdued magic 1, inability to read after injury 1, MP-powered wands
a: Spit Poison, Renounce Religion, Evoke Blink


You were on level 5 of the Lair of Beasts.
You worshipped Xom.
You were a special plaything of Xom.
You visited 2 branches of the dungeon, and saw 19 of its levels.
You also visited: Trove.

You collected 2026 gold pieces.
You spent 1180 gold pieces at shops.

Inventory:

Hand Weapons
 e - a +4 dagger of electrocution
 z - the +7 rapier of Bodily Harmony (weapon) {protect, +Blink}
   (You found it on level 3 of the Lair of Beasts)

   +Blink:    It lets you blink.
 Y - a +2 long sword of distortion
Missiles
 K - 34 poisoned darts
 L - 11 curare-tipped darts
 R - 4 throwing nets
Armour
 u - a +0 pair of gloves (worn)
 y - the +5 barding "Udes" (worn) {rCorr}
   (You acquired it on level 6 of the Dungeon)

   rCorr:     It protects you from acid and corrosion.
 D - a +0 cloak (worn)
 U - the +3 shadow dragon scales of Privacy (worn) {Will++ Stlth++++}
   (You found it on level 10 of the Dungeon)

   Will++:    It greatly increases your willpower.
   Stlth++++: It makes you much more stealthy.
Jewellery
 j - an amulet of magic regeneration (around neck)
 p - a ring of ice
 A - the ring "Pinenn" (right hand) {rCorr Str+2 Slay+4}
   (You found it in a treasure trove)

   [ring of slaying]

   Str+2:     It affects your strength (+2).
   Slay+4:    It affects your accuracy & damage with ranged weapons and melee
   (+4).
   rCorr:     It protects you from acid and corrosion.
 E - a +5 ring of evasion (left hand)
 M - a ring of protection from fire
 N - the ring of Guebom {rC+ Int-4 Dex+3 SInv}
   (You found it in a treasure trove)

   [ring of protection from cold]

   Int-4:     It affects your intelligence (-4).
   Dex+3:     It affects your dexterity (+3).
   rC+:       It protects you from cold.
   SInv:      It lets you see invisible.
 O - the ring "Weroapia" {Fly rPois rF++ rCorr Str-4}
   (You found it on level 4 of the Lair of Beasts)

   [ring of resist corrosion]

   Str-4:     It affects your strength (-4).
   rF++:      It greatly protects you from fire.
   rPois:     It protects you from poison Fly: It grants you flight.
   rCorr:     It protects you from acid and corrosion.
 V - a ring of magical power
 X - a ring of willpower
Wands
 g - a wand of paralysis (31)
 l - a wand of flame (9)
 w - a wand of iceblast (11)
 x - a wand of polymorph (12)
 B - a wand of acid (7)
Scrolls
 c - a scroll of butterflies
 d - 2 scrolls of silence
 f - 5 scrolls of vulnerability
 h - 4 scrolls of teleportation
 k - 4 scrolls of identify
 n - 4 scrolls of amnesia
 o - 3 scrolls of enchant weapon
 r - 7 scrolls of poison
 v - a scroll of enchant armour
 F - a scroll of revelation
 G - 3 scrolls of summoning
 P - a scroll of fog
 S - 3 scrolls of brand weapon
 T - a scroll of immolation
Potions
 a - a potion of resistance
 i - a potion of invisibility
 m - a potion of enlightenment
 q - a potion of heal wounds
 s - 2 potions of lignification
 t - 11 potions of curing
 C - 3 potions of attraction
 H - 3 potions of haste
 I - a potion of degeneration
 J - a potion of magic
 Q - a potion of brilliance
 W - 3 potions of ambrosia
 Z - a potion of might
Miscellaneous
 b - a condenser vane (inert)


   Skills:
 - Level 15.3 Fighting
 - Level 4.2 Long Blades
 + Level 8.6 Armour
 + Level 12.9 Dodging
 - Level 21.2 Stealth
 - Level 11.3 Spellcasting
 + Level 9.2 Air Magic
 - Level 6.3 Evocations


You had 29 spell levels left.
You knew the following spells:

 Your Spells              Type           Power      Damage    Failure   Level
a - Blink                 Tloc           12%        N/A       82%         2
b - Freezing Cloud        Conj/Ice/Air   6%         6-21      100%        5

Your spell library contained the following spells:

 Spells                   Type           Power      Damage    Failure   Level
 Mercury Vapours          Alch/Air       32%        N/A       21%         2
 Mephitic Cloud           Conj/Alch/Air  12%        N/A       63%         3
 Foxfire                  Conj/Fire      24%        2x1d5     67%         1
 Lesser Beckoning         Tloc           12%        N/A       82%         2
 Momentum Strike          Conj/Tloc      12%        3d8       82%         2
 Ozocubu's Armour         Ice            6%         N/A       96%         3
 Tukima's Dance           Hex            6%         N/A       96%         3
 Dimensional Bullseye     Hex/Tloc       3%         N/A       100%        4
 Iskenderun's Mystic Bla  Conj/Tloc      6%         2d4       100%        4
 Leda's Liquefaction      Alch/Erth      3%         N/A       100%        4
 Passage of Golubria      Tloc           6%         N/A       100%        4
 Lee's Rapid Deconstruct  Erth           3%         3d5*      100%        5
 Metabolic Englaciation   Hex/Ice        3%         N/A       100%        5
 Summon Forest            Summ/Tloc      3%         N/A       100%        5
 Summon Mana Viper        Hex/Summ       6%         N/A       100%        5
 Yara's Violent Unravell  Hex/Alch       3%         3d4       100%        5
 Bombard                  Conj/Erth      3%         9d1       100%        6
 Plasma Beam              Fire/Air       8%         2x1d18    100%        6
 Sculpt Simulacrum        Ice/Alch       3%         N/A       100%        6
 Starburst                Conj/Fire      3%         6d3       100%        6
 Summon Cactus Giant      Summ           3%         N/A       100%        6
 Ozocubu's Refrigeration  Ice            3%         4d8       100%        7
 Polar Vortex             Ice            3%         N/A       100%        9


Dungeon Overview and Level Annotations

Branches:
Dungeon (14/15)            Temple (0/1) D:5            Lair (5/5) D:10
  Swamp (0/4) Lair:3       Spider (0/4) Lair:2          Orc (0/2) D:10
 Vaults (0/5) D:14
  Slime: Lair:4-5

Altars:
Makhleb
Okawaru
Sif Muna
Wu Jian
Xom
Yredelemnul

Shops:
D:5 ?   D:7 !   D:10 (![[   D:11 (

Annotations:
Lair:1 2 exclusions
Lair:2 exclusion: oklob plant


Innate Abilities, Weirdness & Mutations

Your serpentine skin is tough. (AC +5)
You have supernaturally acute eyesight. (SInv)
Armour fits poorly on your strangely shaped body.
Your system is resistant to poisons. (rPois)
You cover ground very slowly.
You can spit poison.
You can use your snake-like lower body to constrict enemies.
You have sharp fingernails.
Your tail ends in a venomous barb.
You possess an exceptional clarity of mind.
You are vulnerable to heat. (rF-)
Your spells are a little easier to cast, but a little less powerful.
You occasionally lose the ability to read scrolls when taking damage.
You expend magic power (3 MP) to strengthen your wands.


Message History

The elephant barely misses you. The white imp completely misses you.
Unknown command.
Unknown command.
Unknown command.
You puncture the cane toad!
The cane toad is almost dead.
You constrict the cane toad.
You kill the cane toad!
The iron imp barely misses you.
The elephant tramples you but does no damage.
The elephant trunk-slaps you but does no damage.
The white imp gestures at you. The puff of frost misses you.
Unknown command.
You hit the elephant.
The elephant is moderately wounded.
The iron imp disappears in a puff of smoke!
The elephant tramples you!
* * * LOW HITPOINT WARNING * * *
You stumble backwards!
Unknown command.
Unknown command.
You hit the elephant.
The elephant is heavily wounded.
The elephant closely misses you.
The elephant trunk-slaps you but does no damage.
You barely miss the elephant.
The elephant is heavily wounded.
The elephant tramples you but does no damage.
The elephant trunk-slaps you.
* * * LOW HITPOINT WARNING * * *
You completely miss the elephant.
The elephant is heavily wounded.
The elephant tramples you!
* * * LOW HITPOINT WARNING * * *
You stumble backwards!
Unknown command.
Clouds condense from the air!
The condenser dries out!
The elephant tramples you!
You die...

. ##....## #.......
##......##....##..
#..P..PP.#......... #
##........##.....#.. .
..........##....#... .
#......#..#........ .
#....@§§........#. .##
####.#..#Y§#.?....... ..#
#....#...#5##†.......
..#######..#....§§†§...###.#.
..#P#..#...†........§.##
..........##........###
<..##.#.####.#.#....##
...###### ###.###...# .P##
#..#....#


You could see an elephant and a white imp (summoned).

Vanquished Creatures
  A vampire knight (D:14)
  Josephine (D:10)
  Harold (D:10)
  A rakshasa (D:14)
  Fannar (Lair:2)
  An ogre mage (D:14)
  5 boulder beetles
  2 hydras
  A death knight (D:14)
  2 catoblepae
  3 centaur warriors
  4 two-headed ogres
  2 tengu warriors
  An orb spider (shapeshifter) (D:14)
  A deep troll (Lair:1)
  A necromancer (D:14)
  2 lindwurms
  A bog body (Lair:3)
  4 deep elf pyromancers
  2 wolf spiders
  An orc knight (D:10)
  An ugly thing (D:12)
  A manticore (D:14)
  Maurice (D:7)
  A cyclops (D:11)
  4 meliai
  8 black mambas
  14 elephants
  A guardian serpent (shapeshifter) (D:13)
  9 cane toads
  A torpor snail (Lair:1)
  2 rime drakes (Lair:3)
  A yaktaur (D:14)
  2 ice devils (Lair:4)
  10 komodo dragons
  2 unseen horrors (D:13)
  4 kobold demonologists (D:13)
  2 polar bears
  5 trolls
  A hornet (Lair:5)
  12 blink frogs
  7 dream sheep (Lair:3)
  A raiju (shapeshifter) (D:14)
  5 slime creatures
  Sigmund (D:3)
  A shadow (D:11)
  A vampire (D:12)
  49 yaks
  7 basilisks
  A culicivora (D:14)
  11 wraiths
  8 wyverns
  A hog (D:10)
  7 vampire mosquitoes
  2 steam dragons
  A redback (shapeshifter) (D:10)
  2 swamp worms (Lair:3)
  4 redbacks (D:14)
  An acid dragon (D:9)
  31 water moccasins
  6 orc warriors
  2 sky beasts
  2 laughing skulls (D:13)
  3 black bears
  An ice beast (D:6)
  8 wolves
  A boggart (D:14)
  17 centaurs
  3 phantoms (D:5)
  3 kobold brigands
  14 bullfrogs
  A gnoll sergeant (D:9)
  8 scorpions
  8 wights
  5 killer bees
  3 electric eels
  2 howler monkeys
  3 bombardier beetles
  2 hounds
  Crazy Yiuf (D:3)
  2 gnoll boudas (D:4)
  7 orc priests
  2 centaur zombies (D:8)
  3 jellies
  A sleepcap (D:5)
  An iguana (D:5)
  16 orc wizards
  2 killer bee zombies (D:8)
  5 hound zombies (D:8)
  4 howler monkey zombies (D:8)
  35 adders
  8 gnolls
  2 shadow imps
  2 white imps
  2 ufetubi (D:7)
  6 dart slugs
  43 orcs
  4 bats
  8 endoplasms
  3 giant cockroaches (D:4)
  16 goblins
  13 hobgoblins
  7 jackals
  7 quokkas
  7 ball pythons
  4 frilled lizards
  26 kobolds
  6 rats
596 creatures vanquished.

Vanquished Creatures (collateral kills)
  A two-headed ogre (D:14)
  3 blink frogs (Lair:1)
  A black bear (D:5)
  An elephant zombie (D:8)
  A human zombie (D:8)
7 creatures vanquished.

Vanquished Creatures (others)
  Grinder (D:3)
  Robin (D:3)
  A goblin (D:3)
  A hobgoblin (D:3)
4 creatures vanquished.

Grand Total: 607 creatures vanquished

Notes
Turn   | Place    | Note
-------+----------+-------------------------------------------
     0 | D:1      | spaghetti the Naga Chaos Knight began the quest for the
                  | Orb.
     0 | D:1      | Reached XP level 1. HP: 21/21 MP: 1/1
    75 | D:1      | XOM: silly message
   167 | D:1      | Reached XP level 2. HP: 21/28 MP: 2/2
   370 | D:1      | XOM: 2-stop teleportation journey
   689 | D:1      | XOM: give mutations
   689 | D:1      | Gained mutation: You are covered in fur. (AC +1) [Xom's
                  | mischief]
   689 | D:1      | Gained mutation: You can exhale a cloud of poison. [Xom's
                  | mischief]
   689 | D:1      | Gained mutation: Your magical capacity is low. (-10% MP)
                  | [Xom's mischief]
   689 | D:1      | Gained mutation: Your body sometimes deteriorates upon
                  | taking damage. [Xom's mischief]
   724 | D:1      | Reached XP level 3. HP: 34/34 MP: 2/2
   894 | D:1      | XOM: summons 2 hostile demons
  1313 | D:2      | Reached skill level 1 in Dodging
  1469 | D:2      | Reached XP level 4. HP: 38/42 MP: 3/3
  1474 | D:2      | XOM: silly message
  1734 | D:2      | XOM: cast spell 'Animate Armour'
  1832 | D:2      | XOM: god gift: glowing blue potion {god gift}
  1895 | D:2      | Reached XP level 5. HP: 48/49 MP: 4/4
  2183 | D:2      | XOM: god gift: 3 stones
  2292 | D:3      | Noticed Sigmund
  2292 | D:3      | XOM: 1-stop teleportation journey
  2297 | D:3      | Killed Sigmund
  2298 | D:3      | Reached XP level 6. HP: 56/56 MP: 5/5
  2298 | D:3      | XOM: scenery: 1 doors open
  2378 | D:3      | Found a faded altar of an unknown god.
  2555 | D:3      | Noticed Grinder
  2557 | D:3      | XOM: cleaving
  2559 | D:3      | Noticed Robin
  2571 | D:3      | HP: 2/56 [goblin/+0 dagger[Robin] (1)]
  2572 | D:3      | Killed Robin
  2572 | D:3      | Killed Grinder
  2572 | D:3      | XOM: divine lightning
  2573 | D:3      | Reached skill level 5 in Dodging
  2844 | D:3      | XOM: butterfly on damage
  2848 | D:3      | Reached XP level 7. HP: 35/61 MP: 6/6
  2986 | D:3      | Found a runed translucent door.
  2987 | D:3      | Noticed Crazy Yiuf
  3042 | D:3      | XOM: 3-stop teleportation journey
  3100 | D:3      | XOM: give mutations
  3100 | D:3      | Gained mutation: You are somewhat resistant to further
                  | mutation. [Xom's grace]
  3100 | D:3      | Gained mutation: You are agile. (Dex +4, Str/Int -1) [Xom's
                  | grace]
  3100 | D:3      | Gained mutation: You are strong-willed. (Will+) [Xom's
                  | grace]
  3100 | D:3      | Gained mutation: You have sharp fingernails. [Xom's grace]
  3145 | D:3      | XOM: scenery: 2 doors close
  3173 | D:3      | XOM: summons friendly white imp
  3209 | D:3      | XOM: polymorph white imp -> tormentor
  3357 | D:3      | XOM: god gift: 2 scrolls labelled GOSAOMOHAS {god gift}
  3499 | D:3      | XOM: give mutation
  3499 | D:3      | Gained mutation: Your muscles are strong. (Str +4, Int/Dex
                  | -1) [Xom's grace]
  3560 | D:3      | XOM: cloud trail
  3595 | D:3      | XOM: god gift: staff of fire
  3613 | D:3      | Killed Crazy Yiuf
  3691 | D:3      | XOM: god gift: scroll of teleportation
  3788 | D:3      | XOM: give mutations
  3788 | D:3      | Gained mutation: Your mind is acute. (Int +4, Str/Dex -1)
                  | [Xom's grace]
  3788 | D:3      | Gained mutation: Your flesh is cold resistant. (rC+) [Xom's
                  | grace]
  3788 | D:3      | Gained mutation: Your spells are a little harder to cast,
                  | but a little more powerful. [Xom's grace]
  3788 | D:3      | Gained mutation: You expend magic power (3 MP) to
                  | strengthen your wands. [Xom's grace]
  3924 | D:4      | XOM: divination: detect items
  4033 | D:4      | XOM: god gift: scroll of poison
  4102 | D:4      | XOM: give mutation
  4102 | D:4      | Gained mutation: You have a pair of small horns on your
                  | head. [Xom's grace]
  4105 | D:4      | XOM: god gift: staff of air
  4214 | D:4      | XOM: give mutation
  4214 | D:4      | Gained mutation: Your tail ends in a venomous barb. [Xom's
                  | grace]
  4283 | D:4      | XOM: god gift: wand of paralysis (5)
  4477 | D:4      | Reached XP level 8. HP: 53/69 MP: 7/7
  4648 | D:4      | XOM: scenery: create altars
  4679 | D:5      | Entered Level 5 of the Dungeon
  4696 | D:5      | Found a staircase to the Ecumenical Temple.
  4708 | D:5      | XOM: cast spell 'Summon Horrible Things'
  4908 | D:5      | XOM: give mutations
  4908 | D:5      | Lost mutation: You are agile. (Dex +4, Str/Int -1) [Xom's
                  | mischief]
  4908 | D:5      | Lost mutation: Your spells are a little harder to cast, but
                  | a little more powerful. [Xom's mischief]
  4908 | D:5      | Lost mutation: You are somewhat resistant to further
                  | mutation. [Xom's mischief]
  5040 | D:5      | Found Jiskuvy's Magic Scroll Emporium.
  5044 | D:5      | Bought a scroll of enchant weapon for 82 gold pieces
  5044 | D:5      | Bought a scroll of enchant armour for 82 gold pieces
  5044 | D:5      | Bought a scroll of blinking for 82 gold pieces
  5126 | D:5      | XOM: give mutations
  5126 | D:5      | Gained mutation: You have a somewhat thin skeletal
                  | structure. (Dex +2, Stealth+) [Xom's grace]
  5126 | D:5      | Gained mutation: Your natural rate of healing is unusually
                  | fast. [Xom's grace]
  5164 | D:5      | XOM: cleaving
  5310 | D:5      | Reached XP level 9. HP: 75/75 MP: 8/8
  5347 | D:5      | Identified the +0 ring mail of Compassion {Rampage +Inv
                  | Regen+ Str-2}
  6003 | D:6      | XOM: divination: magic mapping
  6160 | D:6      | XOM: enchant monster (good)
  6173 | D:6      | Reached skill level 10 in Dodging
  6350 | D:6      | Identified a scroll of acquirement
  6350 | D:6      | Acquired the +5 barding "Udes" {rCorr}
  6625 | D:6      | XOM: potion effect (might)
  6723 | D:7      | XOM: enchant monster (good)
  6836 | D:7      | Noticed Maurice
  6858 | D:7      | Maurice stole a ring of willpower
  6861 | D:7      | Maurice stole 131 gold
  6862 | D:7      | Killed Maurice
  6863 | D:7      | Reached XP level 10. HP: 77/84 MP: 2/9
  6863 | D:7      | XOM: god gift: large onyx ring {god gift}
  7032 | D:7      | Found the +7 staff of the Meek {protect, meekguard}
  7049 | D:7      | XOM: smoke on damage
  7114 | D:7      | XOM: silly message
  7155 | D:7      | Found Ileral's Distillery.
  7333 | D:8      | Found a basalt altar of Yredelemnul.
  7376 | D:8      | XOM: confusion
  7388 | D:8      | XOM: summons 3 hostile shadow creatures
  7433 | D:8      | XOM: silly message
  7452 | D:8      | XOM: swap monsters
  7458 | D:8      | XOM: summons friendly quasit
  7591 | D:8      | Reached skill level 5 in Armour
  7591 | D:8      | XOM: enchant monster (bad)
  7600 | D:8      | XOM: swap monsters
  7605 | D:8      | XOM: 2-stop teleportation journey
  8116 | D:8      | XOM: summons friendly shadow imp
  8118 | D:8      | XOM: smoke on damage
  8129 | D:8      | XOM: noise
  8346 | D:8      | XOM: summons 1 hostile shadow creature
  8693 | D:8      | XOM: silly message
  8698 | D:8      | XOM: god gift: scroll of summoning
  8933 | D:9      | XOM: noise
  8961 | D:9      | Found an iron altar of Okawaru.
  9071 | D:9      | XOM: divination: detect items
  9308 | D:9      | Reached skill level 1 in Evocations
  9325 | D:9      | XOM: summons 3 friendly demons
  9522 | D:9      | Lost mutation: Your mind is acute. (Int +4, Str/Dex -1)
                  | [potion of mutation]
  9522 | D:9      | Lost mutation: You have a pair of small horns on your head.
                  | [potion of mutation]
  9522 | D:9      | Lost mutation: You are covered in fur. (AC +1) [potion of
                  | mutation]
  9522 | D:9      | Gained mutation: You passively map a small area around you.
                  | [potion of mutation]
  9705 | D:9      | XOM: summons 1 hostile demon
  9807 | D:9      | Noticed a two-headed ogre
  9817 | D:9      | XOM: summons 2 friendly demons
  9818 | D:9      | Killed a two-headed ogre
  9819 | D:9      | Reached XP level 11. HP: 57/90 MP: 9/9
  9862 | D:9      | Noticed a two-headed ogre
  9881 | D:9      | Killed a two-headed ogre
 10019 | D:9      | XOM: enchant monster (bad)
 10059 | D:9      | XOM: scenery: create altars
 10132 | D:9      | Noticed a two-headed ogre
 10133 | D:9      | XOM: noise
 10148 | D:9      | XOM: confuse monster(s)
 10156 | D:9      | Killed a two-headed ogre
 10344 | D:10     | XOM: noise
 10344 | D:10     | Entered Level 10 of the Dungeon
 10423 | D:10     | XOM: cast spell 'Dispersal'
 10548 | D:10     | Found a portal to a secret trove of treasure.
 10573 | D:10     | Reached skill level 5 in Evocations
 10602 | Trove    | Entered a treasure trove
 10637 | Trove    | Identified the ring of Vuzuecs {^Drain rElec rF+ Str+3}
 10639 | Trove    | Identified the ring "Pinenn" {rCorr Str+2 Slay+4}
 10643 | Trove    | Identified the ring of Guebom {rC+ Int-4 Dex+3 SInv}
 10732 | D:10     | Noticed Josephine
 10743 | D:10     | XOM: chaos cloud
 10744 | D:10     | XOM: swap monsters
 10755 | D:10     | Found Ereaxif's Antique Armour Shoppe.
 10761 | D:10     | Killed Josephine
 10776 | D:10     | Found a staircase to the Orcish Mines.
 10833 | D:10     | Found Hiephig's Distillery.
 10847 | D:10     | XOM: divination: magic mapping
 10853 | D:10     | XOM: swap monsters
 10856 | D:10     | XOM: swap monsters
 10892 | D:10     | Noticed Harold
 10895 | D:10     | XOM: smoke on damage
 10901 | D:10     | XOM: enchant monster (bad)
 10909 | D:10     | Killed Harold
 11002 | D:10     | Found Zarer's Antique Weapon Shoppe.
 11019 | D:10     | XOM: polymorph unseen horror -> hog
 11121 | D:10     | Found Liofeomnei's Armour Shop.
 11127 | D:10     | Bought the +7 chain mail "Kiust" {Regen+ rCorr Str+3} for
                  | 934 gold pieces
 11215 | D:10     | Reached skill level 1 in Spellcasting
 11274 | D:10     | Identified the +3 shadow dragon scales of Privacy {Will++
                  | Stlth++++}
 11274 | D:10     | Noticed a tengu warrior
 11275 | D:10     | XOM: confusion
 11282 | D:10     | a tengu warrior changed into a glowing shapeshifter
 11282 | D:10     | Noticed a glowing shapeshifter (glowing shapeshifter)
 11282 | D:10     | XOM: polymorph tengu warrior -> glowing shapeshifter
 11282 | D:10     | a glowing shapeshifter changed into a redback
 11287 | D:10     | XOM: chaos cloud
 11291 | D:10     | Reached XP level 12. HP: 82/98 MP: 11/12
 11352 | D:10     | Found a staircase to the Lair.
 11452 | D:10     | XOM: silly message
 11557 | D:10     | XOM: silly message
 11558 | D:10     | XOM: summons 3 hostile shadow creatures
 11931 | D:11     | XOM: noise
 11942 | D:11     | XOM: scenery: create altars
 11945 | D:11     | Reached skill level 2 in Stealth
 11951 | D:11     | Reached skill level 3 in Stealth
 11952 | D:11     | XOM: scenery: create altars
 11953 | D:11     | Reached skill level 4 in Stealth
 11960 | D:11     | Reached skill level 5 in Stealth
 11979 | D:11     | Reached skill level 6 in Stealth
 12047 | D:11     | Reached skill level 7 in Stealth
 12083 | D:11     | Reached skill level 8 in Stealth
 12141 | D:11     | Noticed a boulder beetle
 12146 | D:11     | XOM: summons friendly crimson imp
 12174 | D:11     | Reached skill level 9 in Stealth
 12180 | D:11     | Killed a boulder beetle
 12181 | D:11     | Reached skill level 10 in Stealth
 12385 | D:11     | Noticed a tengu warrior
 12386 | D:11     | Noticed a six-headed hydra
 12386 | D:11     | Noticed a tengu warrior
 12419 | D:11     | Reached skill level 11 in Stealth
 12420 | D:11     | Reached skill level 12 in Stealth
 12526 | D:11     | Found Qankom's Antique Weapon Boutique.
 12544 | D:11     | XOM: smoke on damage
 12570 | D:11     | XOM: divination: detect items
 12575 | D:11     | XOM: cleaving
 12624 | D:11     | XOM: summons friendly crimson imp
 12626 | D:11     | Killed a six-headed hydra
 12627 | D:11     | Reached skill level 13 in Stealth
 12658 | D:11     | XOM: scenery: 2 doors close
 12669 | D:11     | Killed a tengu warrior
 12670 | D:11     | Reached skill level 14 in Stealth
 12729 | D:12     | Reached skill level 15 in Stealth
 12754 | D:12     | Reached skill level 16 in Stealth
 12870 | D:12     | XOM: 9-stop teleportation journey
 13078 | D:12     | Reached skill level 17 in Stealth
 13326 | D:13     | XOM: enchant monster (bad)
 13417 | D:13     | Reached skill level 18 in Stealth
 13455 | D:13     | XOM: 2-stop teleportation journey
 13460 | D:13     | XOM: polymorph kobold demonologist -> dart slug
 13470 | D:13     | XOM: summons friendly shadow imp
 13495 | D:13     | Reached skill level 19 in Stealth
 13503 | D:13     | XOM: enchant monster (good)
 13505 | D:13     | XOM: potion effect (invisibility)
 13538 | D:13     | XOM: 1-stop teleportation journey
 13539 | D:13     | Noticed a boulder beetle
 13542 | D:13     | Reached skill level 20 in Stealth
 13545 | D:13     | Gained mutation: You can use your snake-like lower body to
                  | constrict enemies. [Naga growth]
 13545 | D:13     | Reached XP level 13. HP: 105/108 MP: 16/16
 13573 | D:13     | XOM: summons friendly white imp
 13605 | D:13     | Reached skill level 21 in Stealth
 13619 | D:13     | Identified the +3 leather armour of Caumos {+Blink rElec}
 13689 | D:13     | XOM: confuse monster(s)
 13734 | D:13     | Reached skill level 5 in Fighting
 13744 | D:13     | XOM: polymorph centaur warrior -> centaur warrior
 14227 | D:14     | XOM: give mutations
 14227 | D:14     | Lost mutation: You have a somewhat thin skeletal structure.
                  | (Dex +2, Stealth+) [Xom's mischief]
 14227 | D:14     | Lost mutation: Your magical capacity is low. (-10% MP)
                  | [Xom's mischief]
 14243 | D:14     | Reached skill level 10 in Fighting
 14488 | D:14     | Found a gate to the Vaults.
 14518 | D:14     | XOM: give mutations
 14518 | D:14     | Lost mutation: Your body sometimes deteriorates upon taking
                  | damage. [Xom's mischief]
 14518 | D:14     | Lost mutation: You can exhale a cloud of poison. [Xom's
                  | mischief]
 14569 | D:14     | Noticed a rakshasa
 14574 | D:14     | Killed a rakshasa
 14616 | D:14     | Learned a level 2 spell: Blink
 14622 | D:14     | Noticed a vampire knight
 14626 | D:14     | Killed a vampire knight
 14664 | D:14     | XOM: give mutation
 14664 | D:14     | Lost mutation: Your flesh is cold resistant. (rC+) [Xom's
                  | mischief]
 14677 | D:14     | Reached skill level 5 in Spellcasting
 14804 | D:14     | XOM: summons 2 hostile shadow creatures
 14811 | D:14     | Reached XP level 14. HP: 64/139 MP: 22/22
 14815 | D:14     | Found a shimmering blue altar of Sif Muna.
 15362 | Lair:1   | Entered Level 1 of the Lair of Beasts
 15419 | Lair:1   | XOM: noise
 15430 | Lair:1   | XOM: noise
 15431 | Lair:1   | XOM: stat loss: -1 Int (12/13)
 15447 | Lair:1   | XOM: confusion (+ monsters)
 15465 | Lair:1   | XOM: confusion
 15484 | Lair:1   | XOM: summons 1 hostile demon
 15531 | Lair:1   | XOM: give mutations
 15531 | Lair:1   | Lost mutation: Your natural rate of healing is unusually
                  | fast. [Xom's mischief]
 15531 | Lair:1   | Gained mutation: You sometimes lose your temper in combat.
                  | [Xom's mischief]
 15531 | Lair:1   | Gained mutation: Your body sometimes deteriorates upon
                  | taking damage. [Xom's mischief]
 15678 | Lair:1   | XOM: confuse monster(s)
 15683 | Lair:1   | XOM: enchant monster (good)
 15687 | Lair:1   | XOM: cast spell 'Summon Horrible Things'
 16052 | Lair:1   | XOM is BORED!
 16052 | Lair:1   | XOM: summons 1 hostile demon
 16208 | Lair:2   | XOM: enchant monster (good)
 16211 | Lair:2   | XOM: enchant monster (good)
 16375 | Lair:1   | XOM: cloud trail
 16480 | Lair:1   | Found a burning altar of Makhleb.
 16570 | Lair:1   | XOM: silly message
 16832 | Lair:2   | XOM: noise
 17023 | Lair:2   | Found a hole to the Spider Nest.
 17027 | Lair:2   | Noticed Fannar
 17029 | Lair:2   | Killed Fannar
 17046 | Lair:2   | Reached skill level 15 in Fighting
 17233 | Lair:2   | Found an ornate altar of the Wu Jian Council.
 17235 | Lair:2   | Lost mutation: You sometimes lose your temper in combat.
                  | [potion of mutation]
 17235 | Lair:2   | Lost mutation: You passively map a small area around you.
                  | [potion of mutation]
 17235 | Lair:2   | Gained mutation: You occasionally lose the ability to read
                  | scrolls when taking damage. [potion of mutation]
 17235 | Lair:2   | Gained mutation: A frigid envelope surrounds you and
                  | freezes all who hurt you. [potion of mutation]
 17250 | Lair:2   | XOM: cloud trail
 17759 | Lair:2   | XOM: god gift: +2 ring mail of fire resistance
 17784 | Lair:2   | Acquired a manual of Air Magic
 17841 | Lair:3   | Identified the +7 rapier of Bodily Harmony {protect,
                  | +Blink}
 17856 | Lair:3   | Reached skill level 1 in Air Magic
 17857 | Lair:3   | XOM: enchant monster (bad)
 17896 | Lair:3   | XOM: give mutations
 17896 | Lair:3   | Lost mutation: You are strong-willed. (Will+) [Xom's
                  | mischief]
 17896 | Lair:3   | Gained mutation: You possess an exceptional clarity of
                  | mind. [Xom's mischief]
 17915 | Lair:3   | Reached skill level 10 in Spellcasting
 17921 | Lair:3   | XOM: 3-stop teleportation journey
 18173 | Lair:4   | Identified the ring "Weroapia" {Fly rPois rF++ rCorr Str-4}
 18179 | Lair:4   | XOM: 5-stop teleportation journey
 18235 | Lair:4   | XOM: enchant monster (good)
 18335 | Lair:4   | Reached skill level 5 in Air Magic
 18416 | Lair:4   | XOM: destruction
 18419 | Lair:4   | XOM: 3-stop teleportation journey
 18751 | Lair:3   | XOM: enchant monster (bad)
 18973 | Lair:3   | XOM: fog
 19021 | Lair:3   | Reached XP level 15. HP: 154/154 MP: 30/30
 19028 | Lair:3   | Learned a level 5 spell: Freezing Cloud
 19113 | Lair:3   | Found a staircase to the Swamp.
 19316 | Lair:3   | XOM: cloud trail
 19651 | Lair:4   | XOM: summons 1 hostile demon
 19686 | Lair:4   | XOM: give mutations
 19686 | Lair:4   | Lost mutation: A frigid envelope surrounds you and freezes
                  | all who hurt you. [Xom's mischief]
 19686 | Lair:4   | Gained mutation: Your spells are a little easier to cast,
                  | but a little less powerful. [Xom's mischief]
 19926 | Lair:4   | XOM: god gift: scroll of vulnerability
 20117 | Lair:4   | XOM: silly message
 20195 | Lair:5   | Entered Level 5 of the Lair of Beasts
 20200 | Lair:5   | XOM: confuse monster(s)
 20203 | Lair:5   | XOM: noise
 20237 | Lair:5   | XOM: noise
 20251 | Lair:5   | XOM: cast spell 'Summon Ice Beast'
 20499 | Lair:4   | XOM: give mutations
 20499 | Lair:4   | Lost mutation: Your body sometimes deteriorates upon taking
                  | damage. [Xom's mischief]
 20499 | Lair:4   | Gained mutation: You are vulnerable to heat. (rF-) [Xom's
                  | mischief]
 20499 | Lair:4   | Lost mutation: Your muscles are strong. (Str +4, Int/Dex
                  | -1) [Xom's mischief]
 20755 | Lair:5   | XOM: summons 12 friendly demons
 20772 | Lair:5   | XOM: summons 2 hostile demons
 20774 | Lair:5   | XOM: fake destruction
 20796 | Lair:5   | XOM: fog
 20797 | Lair:5   | XOM: enchant monster (bad)
 20801 | Lair:5   | XOM: noise
 20813 | Lair:5   | Slain by an elephant

Illustrated notes

Levels and vault maps discovered:
D:1:      grunt_arrival_crossed_arrows, layout_loops_corners,
          lexackson_kobold_supper
D:2:      layout_basic
D:3:      layout_basic, shapermc_ecumenical_altar_acropolis,
          nrook_mini_backslash, uniq_crazy_yiuf_cottage, uniq_sigmund,
          uniq_grinder, uniq_robin
D:4:      minmay_door_path, layout_loops_cross, st_stairs_2
D:5:      layout_layer_cave, minmay_temple_entry_stoned_glass, serial_shops,
          nicolae_shop_trees, serial_bayou_pond_e
D:6:      layout_basic
D:7:      layout_rooms, serial_shops, shop, pf_guarded_unrand_meek, uniq_maurice
D:8:      layout_layer_cave, enter_bailey_5, serial_rivers,
          chequers_serial_rivers_large_a, chequers_serial_rivers_micro_b,
          chequers_serial_rivers_room_a, chequers_serial_rivers_marsh,
          chequers_serial_rivers_small_3, chequers_serial_rivers_small_3,
          roadster_capsule_ark_zombie
D:9:      minmay_razor_zed, layout_grid_maze, okawaru_gym_becter
D:10:     cheibrodos_orc_bank, layout_stronghold, due_lair_maze_entry_diamond,
          serial_shops, nicolae_diamond_shop, shop, shop,
          nicolae_shop_advertising_works [nicolae_subvault_shop_adworks],
          enter_trove_1, uniq_harold, uniq_josephine
D:11:     layout_rooms, serial_shops, nicolae_shop_real_fake_doors,
          minmay_door_square, grunt_tough_drop
D:12:     layout_loops_cross
D:13:     layout_basic
D:14:     minmay_two_paths, layout_basic, david_vaults_2, serial_rivers,
          chequers_serial_rivers_micro_e, chequers_serial_rivers_micro_d,
          chequers_serial_rivers_small_b, chequers_serial_rivers_micro_d,
          hellmonk_sif_muna_bookshelves
Lair:1:   dreamdust_cave_troll, layout_regular_city, basic_altar,
          nicolae_lair_liquid_snakes
Lair:2:   layout_gridlike, hellmonk_spider_entry_not_the_bees,
          lemuel_oklob_altar, uniq_fannar
Lair:3:   lemuel_reptile_caves, layout_chaotic_city,
          nicolae_swamp_entry_splash_gauntlet, dreamdust_mushroom_princess,
          minmay_hedge_maze, minivault_19, fungi_pond_lemuel, lemuel_fruit_tree
Lair:4:   layout_roguey, portal_ice_cave_demonic_guard, nzn_sisyphean_effort
Lair:5:   hangedman_lair_tendril_chambers, layout_loops_ring, wormcave,
          dpeg_slime_entry_enclosed, kennysheep_basilisk_garden

Skill      XL: |  1  2  3  4  5  6  7  8  9 10 11 12 13 14 15 |
---------------+----------------------------------------------+-----
Long Blades    | 4 |  4.2
Dodging        | 1 2 4 5 6 9 10 11 12 | 12.9
Armour         | 4 6 7 8 |  8.6
Evocations     | 3 6 |  6.3
Spellcasting   | 1 3 5 11 | 11.3
Fighting       | 4 13 15 | 15.3
Stealth        | 20 21 | 21.2
Air Magic      | 7 9 |  9.2

Action                     |  1- 3 |  4- 6 |  7- 9 | 10-12 | 13-15 || total
---------------------------+-------+-------+-------+-------+-------++-------
  Melee: Falchion          |   100 |       |       |       |       ||   100
         Dagger            |    40 |    89 |   338 |   706 |   321 ||  1494
         Headbutt          |       |       |    55 |   113 |       ||   168
         Punch             |       |       |     2 |    14 |    22 ||    38
         Short sword       |       |       |       |   367 |       ||   367
         Constrict         |       |       |       |       |   154 ||   154
         Rapier            |       |       |       |       |   425 ||   425
  Throw: Stone             |       |     3 |       |       |       ||     3
         Dart              |       |       |       |     4 |       ||     4
Ability: Spit Poison       |    12 |       |       |       |       ||    12
         Breathe Poison Ga |       |     4 |     4 |    16 |       ||    24
  Evoke: Wand              |       |       |       |     2 |     2 ||     4
         Condenser vane    |       |       |       |       |     2 ||     2
    Use: Scroll            |     4 |     2 |     6 |     6 |     8 ||    26
         Potion            |     2 |     2 |     2 |     6 |     2 ||    14
   Stab: Confused          |     1 |       |       |     2 |     2 ||     5
         Sleeping          |       |       |     2 |     8 |    48 ||    58
         Petrified         |       |       |     8 |       |     1 ||     9
         Petrifying        |       |       |     1 |       |     2 ||     3
         Distracted        |       |       |       |     3 |     4 ||     7
         Invisible         |       |       |       |     2 |     1 ||     3
 Armour: Leather armour    |   161 |    70 |   204 |   673 |       ||  1108
         Chain mail        |       |       |       |   125 |       ||   125
         Shadow dragon sca |       |       |       |   476 |  1053 ||  1529
  Dodge: Dodged            |   100 |    44 |   185 |   940 |   666 ||  1935
